cohdb
Replays
Latest Replays
All Replays
Popular Replays
Top Player Replays
Match Explorer
How It Works
Community
CoH3 Stats
Reddit
Sign in to upload your games and track your stats! →
Sign in with Steam
Match 43713292
Unlisted
Match 43713292
Overview
Messages
Build Orders
End
Construct Barracks
Selects Special Operations Battlegroup
Selects M29 Weasel Recon Vehicle
M29 Weasel Recon Vehicle
Riflemen Squad
Riflemen Squad
Riflemen Squad
Grenade Package
Selects Raiding Flares
Construct Weapon Support Center
Raiding Flares
Infantry Support Center
M3 Armored Personnel Carrier
Advanced Logistics
Raiding Flares
Construct Motor Pool
M3 Armored Personnel Carrier
M1 Anti-tank Gun Team
RYUBONZHA
Unknown
Niss
Larry
Victor
hogarthw
0
0
Comments
sign in to comment!
No comments posted yet!